 Dungeon Crawl Stone Soup version 0.29.1-1-gd02db6906a (webtiles) character file.

Game seed: 1056977354686142833

31 Sabo the Gusty (level 3, -3/19 HPs)
             Began as a Kobold Air Elementalist on Sept 28, 2022.
             Was a Follower of Vehumet.
             Slain by Crazy Yiuf
             ... wielding a +4 quarterstaff of chaos
              (4 damage)
             ... on level 2 of the Dungeon.
             The game lasted 00:15:28 (2510 turns).

Sabo the Gusty (Kobold Air Elementalist)            Turns: 2510, Time: 00:15:28

Health: -3/19      AC:  4    Str:  5    XL:     3   Next: 40%
Magic:  1/6        EV: 15    Int: 18    God:    Vehumet [*.....]
Gold:   143        SH:  0    Dex: 15    Spells: 6/7 levels left

rFire   . . .      SeeInvis .   l - +0 long sword
rCold   . . .      Faith    .   (no shield)
rNeg    . . .      Spirit   .   a - +0 robe
rPois   .          Reflect  .   h - +0 helmet
rElec   .          Harm     .   (no cloak)
rCorr   .          Rampage  .   (no gloves)
Will    .....                   m - +0 pair of boots
Stlth   +++.......              (no amulet)
HPRegen 0.06/turn               (no ring)
MPRegen 0.10/turn               (no ring)

@: lethally poisoned (-3 -> -18), very slightly contaminated
A: small, no large weapons, nightstalker 3
a: Renounce Religion


You were on level 2 of the Dungeon.
You worshipped Vehumet.
Vehumet was aware of your devotion.
You visited 1 branch of the dungeon, and saw 2 of its levels.

You collected 143 gold pieces.

Inventory:

Hand Weapons
 l - a +0 long sword (weapon)
Missiles
 k - a throwing net
Armour
 a - a +0 robe (worn)
 h - a +0 helmet (worn)
 m - a +0 pair of boots (worn)
Wands
 j - a wand of polymorph (8)
Scrolls
 e - 4 scrolls of teleportation
 f - a scroll of butterflies
Potions
 b - a potion of magic
 c - 3 potions of cancellation {unknown}
 d - a potion of might {unknown}
 g - 2 potions of mutation {unknown}
 i - 2 potions of curing {unknown}


   Skills:
 + Level 2.7 Dodging
 + Level 3.2 Stealth
 + Level 2.5 Spellcasting
 + Level 1.1 Conjurations
 + Level 3.6 Air Magic


You had 6 spell levels left.
You knew the following spells:

 Your Spells              Type           Power      Damage    Failure   Level
a - Shock                 Conj/Air       40%        1d5       6%          1

Your spell library contained the following spells:

 Spells                   Type           Power      Damage    Failure   Level
 Freeze                   Ice            8%         1d3       17%         1
 Static Discharge         Conj/Air       10%        3-5/arc   10%         2
 Swiftness                Air            15%        N/A       12%         3
 Airstrike                Air            7%         2d(2-18)  36%         4
 Dazzling Flash           Conj/Hex       8%         N/A       38%         3
 Tukima's Dance           Hex            2%         N/A       45%         3
 Passage of Golubria      Tloc           2%         N/A       86%         4
 Silence                  Hex/Air        4%         N/A       92%         5
 Agony                    Necr           2%         N/A       99%         5
 Yara's Violent Unravell  Hex/Tmut       1%         3d3       99%         5


Dungeon Overview and Level Annotations

Branches:
Dungeon (2/15)

Altars:
Vehumet
Zin

Shops:
D:1 =

Annotations:
D:2 Crazy Yiuf


Innate Abilities, Weirdness & Mutations

You are small and have problems with some larger weapons.
You are completely attuned to the shadows.


Message History

The zap hits Crazy Yiuf.
Crazy Yiuf is lightly wounded.
Casting: Shock (safe; 6% risk of failure)
Confirm with . or Enter, or press ? or * to list all spells.
Aiming: Shock (safe; 6% risk of failure)
Press: ? - help, Shift-Dir - straight line, f/p - Crazy Yiuf
Aim: Crazy Yiuf, wielding a +4 quarterstaff of chaos and wearing a +0 cloak (lightly wounded, 72% to hit)
The zap hits Crazy Yiuf.
Crazy Yiuf is moderately wounded.
Casting: Shock (safe; 6% risk of failure)
Confirm with . or Enter, or press ? or * to list all spells.
Aiming: Shock (safe; 6% risk of failure)
Press: ? - help, Shift-Dir - straight line, f/p - Crazy Yiuf
Aim: Crazy Yiuf, wielding a +4 quarterstaff of chaos and wearing a +0 cloak (moderately wounded, 72% to hit)
The zap hits Crazy Yiuf.
Crazy Yiuf is heavily wounded.
Crazy Yiuf hits you with a +4 quarterstaff of chaos.
Crazy Yiuf freezes you.
Casting: Shock (safe; 6% risk of failure)
Confirm with . or Enter, or press ? or * to list all spells.
Aiming: Shock (safe; 6% risk of failure)
Press: ? - help, Shift-Dir - straight line, f/p - Crazy Yiuf
Aim: Crazy Yiuf, wielding a +4 quarterstaff of chaos and wearing a +0 cloak (heavily wounded, 72% to hit)
You miscast Shock.
You are very lightly contaminated with residual magic.
Nothing appears to happen.
Crazy Yiuf hits you with a +4 quarterstaff of chaos!
* * * LOW HITPOINT WARNING * * *
You are lethally poisoned!
Casting: Shock (safe; 6% risk of failure)
Confirm with . or Enter, or press ? or * to list all spells.
Aiming: Shock (safe; 6% risk of failure)
Press: ? - help, Shift-Dir - straight line, f/p - Crazy Yiuf
Aim: Crazy Yiuf, wielding a +4 quarterstaff of chaos and wearing a +0 cloak (heavily wounded, 72% to hit)
The zap hits Crazy Yiuf.
Crazy Yiuf is severely wounded.
* * * LOW HITPOINT WARNING * * *
You feel very sick.
Crazy Yiuf hits you with a +4 quarterstaff of chaos.
You die...

#.##.##.########
##. #########
####### #.#
#.....# ##.
#.....# ###.
#..)# #.....#
#... #...#
#.....# #.#. ...
#.....# #.#. #g#
##.##.###.##
♣♣@♣
##......#...
♣.♣♣
#.......####
♣♣.♣
##..._.....#
♣.♣♣
#........#.#
♣♣.♣♣
#...........
######### ♣...♣♣
#.....###..# ##
#.....).# ♣....♣
##...## ##.#
.###.#######
#....# #....#
#.. .....<.#
###..## ##...##
#.#


You could see Crazy Yiuf.

Vanquished Creatures
  A dart slug (D:1)
  4 endoplasms
  2 giant cockroaches
  3 jackals (D:1)
  3 quokkas
  6 ball pythons
  3 frilled lizards
  A kobold (D:1)
  5 rats
28 creatures vanquished.

Notes
Turn   | Place    | Note
-------+----------+-------------------------------------------
     0 | D:1      | Sabo the Kobold Air Elementalist began the quest for the
                  | Orb.
     0 | D:1      | Reached XP level 1. HP: 10/10 MP: 3/3
   438 | D:1      | Reached XP level 2. HP: 15/15 MP: 0/5
   644 | D:1      | Found Qawiro's Jewellery Shop.
  1011 | D:1      | Reached XP level 3. HP: 19/19 MP: 3/6
  1783 | D:2      | Found a glowing silver altar of Zin.
  1860 | D:2      | Found a faded altar of an unknown god.
  1910 | D:2      | Prayed at the altar of an unknown god.
  1910 | D:2      | Became a worshipper of Vehumet
  1910 | D:2      | Reached * piety under Vehumet
  1910 | D:2      | Offered knowledge of Freeze by Vehumet.
  2239 | D:2      | Found a runed translucent door.
  2504 | D:2      | Noticed Crazy Yiuf
  2510 | D:2      | Slain by Crazy Yiuf

Illustrated notes

Levels and vault maps discovered:
D:1:      kennysheep_arrival_seaside, layout_rooms, serial_shops, shop
D:2:      layout_loops_cross, dreamdust_ecumenical_altar_grove, basic_altar,
          dk_noncrumbling_4, uniq_crazy_yiuf_cottage

Skill      XL: |  1  2 |
---------------+-------+-----
Stealth        | 3 |  3.2
Dodging        | |  2.7
Spellcasting   | |  2.5
Conjurations   | |  1.1
Air Magic      | |  3.6

Action                   || total
-------------------------++-------
Melee: Mace              ||    16
 Cast: Shock             ||    48
  Use: Scroll            ||     2
 Stab: Sleeping          ||     1
Armor: Robe              ||     2
Dodge: Dodged            ||    15
